Map: King's Cove LE

Players

致胜

  • Race: Terran Terran
  • League: Silver
  • Spawn Location: 5:00

llllllllllll - Winner!

  • Race: Terran Terran
  • League: Silver
  • Spawn Location: 11:00

VOD

Have the link to the VOD?

Description

Time

  • Played on: April 24, 2025, 9:40 a.m.
  • Length: 3:33
Show
View Real Time Build Order
Export as new Build Order

致胜 Terran 

Build Orders:  

Get SALT Encoding   

  12  0:00  SCV  
  13  0:12  SCV  
  14  0:18  Supply Depot  
  14  0:24  SCV  
  15  0:30  Refinery  
  15  0:43  Barracks  
  15  0:47  SCV  
  16  0:59  SCV  
  16  1:03  Supply Depot  
  17  1:13  SCV  
  18  1:25  SCV  
  19  1:36  Marine  
  19  1:37  SCV  
  21  1:50  Command Center  
  22  1:54  SCV  
  22  2:05  Factory  
  22  2:09  Barracks Tech Lab  
  19  2:48  Marine  
  12  3:09  SCV  
  2  3:21  SCV  
Show
View Real Time Build Order
Export as new Build Order

llllllllllll Terran - Winner!

Build Orders:  

Get SALT Encoding   

  12  0:00  SCV  
  13  0:12  SCV  
  14  0:19  Supply Depot  
  14  0:24  SCV  
  15  0:30  Refinery  
  15  0:48  Barracks  
  15  1:01  Barracks  
  15  1:19  Barracks  
  15  1:35  Reaper  
  15  1:37  Refinery  
  16  1:49  Reaper  
  17  2:06  Reaper  
  17  2:08  Reaper  
  19  2:21  Reaper  
  20  2:23  Orbital Command  
  20  2:38  Reaper  
  20  2:43  Reaper  
  22  2:53  Reaper  
  23  2:59  SCV  
  24  3:11  SCV  
  26  3:31  Factory  
Tags
 
Matchup
TvT
Race
Terran
Replay Pack
kreditionep1
Spawn Locations
Cross Positions
Add a new tag
Caveats
  • Supply blocks, unpowered buildings, or Contaminate may cause inaccurate times.
  • Supply counts are checked every 10 seconds.